 Dungeon Crawl Stone Soup version 0.22.1-2-g9c5b331383 (webtiles) character file.

75 McIrco the Sneak (level 4, -14/31 HPs)
             Began as a Vampire Enchanter on Jan 5, 2019.
             Killed by divine providence
             ... invoked by an orc priest
              (17 damage)
             ... on level 3 of the Dungeon.
             The game lasted 00:05:20 (4626 turns).

McIrco the Sneak (Vampire Enchanter)                Turns: 4626, Time: 00:05:20

Health: -14/31     AC:  5    Str:  7    XL:     4   Next: 11%
Magic:  1/7        EV: 13    Int: 17    God:
Gold:   81         SH:  0    Dex: 15    Spells: 1/7 levels left

rFire    . . .     SeeInvis +   l - +3 dagger (flame)
rCold    + + .     Gourm    .   (no shield)
rNeg     + + +     Faith    .   b - +1 robe
rPois    ∞         Spirit   .   h - +2 hat
rElec    .         Reflect  .   (no cloak)
rCorr    .         Harm     .   (no gloves)
MR       .....                  (no boots)
Stlth    +++++.....             (no amulet)
HPRegen  0.00/turn              (no ring)
MPRegen  0.10/turn              (no ring)

@: bloodless, non-regenerating
A: fangs 3, see invisible, unbreathing
a: Bat Form


You were on level 3 of the Dungeon.
You were bloodless.

You visited 1 branch of the dungeon, and saw 3 of its levels.

You collected 81 gold pieces.

Inventory:

Hand Weapons
 a - a +1 dagger
 l - a +3 dagger of flaming (weapon)
Armour
 b - a +1 robe (worn)
 h - a +2 hat (worn)
Scrolls
 e - a scroll of identify
 f - a scroll of enchant armour
 m - a scroll of fog
Potions
 c - a potion of degeneration {unknown}
 g - 14 potions of blood
 i - 2 potions of berserk rage
 j - 3 potions of resistance {unknown}
 k - a potion of haste {unknown}
 n - a potion of heal wounds {unknown}


   Skills:
 + Level 0.7 Fighting
 + Level 2.1 Short Blades
 + Level 2.6 Dodging
 + Level 5.2 Stealth
 + Level 2.3 Spellcasting
 + Level 5.2 Hexes
 + Level 0.2 Ice Magic


You had one spell level left.
You knew the following spells:

 Your Spells              Type           Power        Failure   Level  Hunger
a - Corona                Hex            ###....      2%          1    #......
b - Ensorcelled Hibernat  Hex/Ice        ##....       10%         2    ##.....
c - Confuse               Hex            ###.....     7%          3    ###....

Your spell library contained the following spells:

 Spells                   Type           Power        Failure   Level  Hunger
 Tukima's Dance           Hex            ###.....     7%          3    ###....
 Dazzling Spray           Conj/Hex       ##....       19%         3    ###....


Dungeon Overview and Level Annotations

Branches:
Dungeon (3/15)

Altars:


Innate Abilities, Weirdness & Mutations

You do not heal naturally.
You are immune to poison.
You have razor-sharp teeth.
You have supernaturally acute eyesight. (SInv)
You can survive without breathing.


Message History

The orc priest invokes the aid of Beogh against you.
Beogh smites you!
Casting: Ensorcelled Hibernation (safe; 10% risk of failure)
Confirm with . or Enter, or press ? or * to list all spells.
Aiming: Corona (safe; 2% risk of failure)
Press: ? - help, Shift-Dir - straight line, f/p - orc priest
Aim: an orc priest, wielding a dagger and wearing a leather armour (chance to The orc priest is outlined in light.
The orc priest hits you with a dagger.
You hit the orc priest but do no damage.
The orc priest hits you but does no damage.
You barely miss the orc priest. Your bite misses the orc priest.
The orc priest invokes the aid of Beogh against you.
Beogh smites you!
* * * LOW HITPOINT WARNING * * *
You hit the orc priest. You burn the orc priest.
The orc priest is lightly wounded.
The orc priest invokes the aid of Beogh against you.
Beogh smites you!
Ouch! That really hurt!
You die...

#. #b #.#
.# #.# ...
... #.# #.#
..# #.# #.#
#.# . # #.#
#.#
....#.###.#
#.#
.....oo@..#
#.#
#####.###.#
#.# #
#.###.####
#........#
##########


You could see an orc priest and an orc.

Vanquished Creatures
  2 adders (D:2)
  2 worms (D:2)
  2 leopard geckos
  2 orcs (D:3)
  3 giant cockroaches
  4 goblins
  7 hobgoblins
  3 jackals (D:1)
  6 bats
  2 frilled lizards (D:1)
  3 kobolds
  8 rats
44 creatures vanquished.

Notes
Turn   | Place    | Note
-------+----------+-------------------------------------------
     0 | D:1      | McIrco the Vampire Enchanter began the quest for the Orb.
     0 | D:1      | Reached XP level 1. HP: 13/13 MP: 3/3
  2612 | D:1      | Reached XP level 2. HP: 12/19 MP: 5/5
  2620 | D:1      | Learned a level 2 spell: Ensorcelled Hibernation
  2759 | D:1      | Reached skill level 5 in Hexes
  3470 | D:2      | Reached XP level 3. HP: 19/25 MP: 6/6
  3475 | D:2      | Learned a level 3 spell: Confuse
  3759 | D:2      | Reached skill level 5 in Stealth
  4292 | D:2      | Reached XP level 4. HP: 29/31 MP: 5/7
  4626 | D:3      | Killed from afar by an orc priest

Skill      XL: |  1  2  3 |
---------------+----------+-----
Hexes          | 5 |  5.2
Stealth        | 5 |  5.2
Short Blades   | 2 |  2.1
Fighting       | |  0.7
Dodging        | |  2.6
Spellcasting   | |  2.3
Ice Magic      | |  0.2

Action                   |  1- 3 |  4- 6 || total
-------------------------+-------+-------++-------
Melee: Dagger            |   133 |    16 ||   149
       Bite              |     7 |       ||     7
 Cast: Corona            |    14 |     3 ||    17
       Ensorcelled Hiber |     7 |     3 ||    10
  Use: Potion            |     1 |       ||     1
       Scroll            |       |     5 ||     5
 Stab: Sleeping          |    17 |     1 ||    18
  Eat: Corpse            |     2 |       ||     2
Armor: Robe              |    46 |     3 ||    49
Dodge: Dodged            |   127 |     6 ||   133
